 Dungeon Crawl Stone Soup version 0.31.0-32-g396128a36d (console) character file.

Game seed: 15647254233583622943

5337 utis the Cruncher (level 10, -3/83 HPs)
             Began as a Demigod Gladiator on Mar 30, 2024.
             Slain by Erica
             ... wielding a +0 scimitar of flaming
              (13 damage)
             ... on level 8 of the Dungeon.
             The game lasted 00:21:02 (10289 turns).

utis the Cruncher (Demigod Gladiator)              Turns: 10289, Time: 00:21:02

Health: -3/83      AC: 18    Str: 23    XL:     10   Next: 16%
Magic:  13/13      EV:  8    Int: 14    God:
Gold:   375        SH:  0    Dex: 15    Spells: 9/9 levels left

rFire   . . .        H - +4 quarterstaff (chaos)
rCold   . . .        (shield currently unavailable)
rNeg    . . .        n - +0 chain mail
rPois   .            c - +0 helmet
rElec   .            I - +2 cloak {Stlth+}
rCorr   .            (no gloves)
SInv    .            (no boots)
Will    +....        (no amulet) Stlth
                     J - +4 ring of protection
HPRegen 0.33/turn    (no ring)
MPRegen 0.13/turn

%: no passive effects
@: mighty, constricted
A: high MP 1, forlorn, divine attributes
a: no special abilities


You were on level 8 of the Dungeon.
You visited 1 branch of the dungeon, and saw 8 of its levels.

You collected 375 gold pieces.

Inventory:

Hand Weapons
 a - a +0 quarterstaff of freezing
 u - a +2 dagger of electrocution
 v - a +2 morningstar of pain
 E - a +0 glaive
 H - a +4 quarterstaff of chaos (weapon)
Missiles
 d - 3 throwing nets
 e - 4 poisoned darts
 f - 56 stones (quivered)
 N - a javelin
 Q - 3 boomerangs
Armour
 b - a +0 leather armour
 c - a +0 helmet (worn)
 n - a +0 chain mail (worn)
 I - a +2 cloak of stealth (worn)
Jewellery
 s - a ring of fire
 J - a +4 ring of protection (left hand)
 K - a ring of ice
Wands
 j - a wand of light (11)
 p - a wand of flame (17)
 A - a wand of mindburst (11)
 L - a wand of paralysis (7)
Scrolls
 h - a scroll of vulnerability
 k - a scroll of enchant armour {unknown}
 q - 3 scrolls of enchant weapon
 y - a scroll of immolation
 z - 3 scrolls of brand weapon
 B - 2 scrolls of revelation {unknown}
 C - 3 scrolls of amnesia {unknown}
 F - a scroll of blinking {unknown}
 O - a scroll of acquirement {unknown}
 P - a scroll of teleportation {unknown}
Potions
 g - 2 potions of curing {@q1}
 i - 2 potions of magic
 l - 2 potions of resistance
 m - a potion of might
 o - 2 potions of lignification
 r - 2 potions of ambrosia {unknown}
 t - a potion of attraction {unknown}
 w - a potion of heal wounds {unknown}
 x - 2 potions of invisibility
 D - 2 potions of mutation {!q}
 G - 2 potions of haste {unknown}
 M - a potion of enlightenment {unknown}
 R - a potion of degeneration {unknown}


   Skills:
 - Level 5.9 Fighting
 - Level 10.0 Staves
 - Level 1.7 Throwing
 - Level 5.5 Armour
 - Level 6.2 Dodging
 + Level 3.5 Evocations


You had 9 spell levels left.
You didn't know any spells.
Your spell library contained the following spells:

 Spells                   Type           Power      Damage    Failure   Level
 Summon Small Mammal      Summ           0%         N/A       85%         1
 Call Imp                 Summ           0%         N/A       94%         2
 Ensorcelled Hibernation  Hex/Ice        0%         N/A       94%         2
 Jinxbite                 Hex            0%         N/A       94%         2
 Passwall                 Erth           0%         N/A       99%         3
 Swiftness                Air            0%         N/A       99%         3
 Leda's Liquefaction      Alch/Erth      0%         N/A       100%        4
 Borgnjor's Vile Clutch   Necr/Erth      0%         N/A       100%        5
 Yara's Violent Unravell  Hex/Alch       0%         3d3       100%        5
 Bombard                  Conj/Erth      0%         9d1       100%        6
 Enfeeble                 Hex            0%         N/A       100%        7


Dungeon Overview and Level Annotations

Branches:
Dungeon (8/15)             Temple (0/1) D:5
   Lair: D:8-11

Shops:
D:5 :

Annotations:
D:4 3 runed translucent doors, diceflayer's ghost, amateur DsGl
D:6 1 runed translucent door, unihiutale's ghost, novice OpDe
D:8 Erica


Innate Abilities, Weirdness & Mutations

You have an increased reservoir of magic. (+10% MP)
You shall have no god before yourself.
Your divine heritage dramatically boosts your attributes as you level up.


Message History

You barely miss Erica.
Erica is lightly wounded.
Erica casts a spell at you. The bolt of poison hits you!
You are poisoned.
You sock Erica!
Erica seems to grow stronger.
Erica is moderately wounded.
You feel very sick.
Erica casts a spell.
Erica flickers and vanishes!
Deactivating autopickup; reactivate with Ctrl-A.
No target in view!
You miss something.
You feel very sick.
You hit something.
You feel very sick.
You hear some strange, mumbled words.
A bolt of poison appears from out of thin air!
The bolt of poison hits you!
You are more poisoned.
* * * LOW HITPOINT WARNING * * *
You feel better.
You hear some strange, mumbled words.
A bolt of poison appears from out of thin air!
The bolt of poison hits you!!
You are poisoned.
* * * LOW HITPOINT WARNING * * *
You feel better. Something hits you!
* * * LOW HITPOINT WARNING * * *
Something burns you.
* * * LOW HITPOINT WARNING * * *
Something grabs you.
You are constricted.
You feel very mighty all of a sudden. Something hits you.
* * * LOW HITPOINT WARNING * * *
Something burns you.
* * * LOW HITPOINT WARNING * * *
You are constricted.
You bludgeon something!! Something hits you!
You die...

░░░░░░░░░░
░...{....░░
░░░p░░░░..░░░░░░░░░
░.[░░░░...x..x...░
░░..░░░░░░░░░░░░..
░░....░░ ░░░░..░
░░.░░ ░..░ ░░.░░
░..░ ░░.░░ ░
░..░░░░░░░


There were no monsters in sight!

Vanquished Creatures
  A two-headed ogre (D:7)
  Pikel (D:6)
  A troll (D:5)
  Sigmund (D:2)
  A steam dragon (D:7)
  Grum (D:8)
  Edmund (D:4)
  A water moccasin (D:5)
  2 orc warriors (D:7)
  3 black bears
  2 ice beasts
  A sky beast (D:7)
  4 wolves (D:8)
  4 ogres
  A centaur (D:7)
  4 lemures (D:6)
  2 phantoms
  Blork the orc (D:4)
  A bullfrog (D:5)
  A gnoll sergeant (D:5)
  11 wights
  A howler monkey (D:7)
  5 hounds
  2 bombardier beetles
  5 jellies
  4 orc priests (D:7)
  Crazy Yiuf (D:2)
  Jessica (D:2)
  2 sleepcaps
  3 iguanas
  7 orc wizards
  7 gnolls
  10 adders
  4 dart slugs
  3 ribbon worms
  23 orcs
  6 ball pythons
  6 endoplasms
  3 giant cockroaches
  8 goblins
  3 hobgoblins
  3 jackals (D:5)
  5 quokkas
  2 bats (D:3)
  6 kobolds
  A rat (D:1)
166 creatures vanquished.

Vanquished Creatures (others)
  An orc (D:3)
1 creature vanquished.

Grand Total: 167 creatures vanquished

Notes
Turn   | Place    | Note
-------+----------+-------------------------------------------
     0 | D:1      | utis the Demigod Gladiator began the quest for the Orb.
     0 | D:1      | Reached XP level 1. HP: 17/17 MP: 3/3
   152 | D:1      | Reached skill level 3 in Staves
   331 | D:1      | Reached XP level 2. HP: 24/24 MP: 4/4
  1206 | D:2      | You fall into a shaft and drop 1 floor!
  1220 | D:3      | Reached XP level 3. HP: 28/29 MP: 5/5
  1394 | D:3      | Reached skill level 4 in Staves
  1435 | D:2      | Noticed Sigmund
  1460 | D:2      | HP: 1/29 [something (1)]
  1582 | D:2      | Killed Sigmund
  1583 | D:2      | Reached skill level 5 in Staves
  1583 | D:2      | Reached XP level 4. HP: 30/36 MP: 6/6
  1583 | D:2      | Reached XP level 5. HP: 34/41 MP: 7/7
  1717 | D:2      | Found a runed translucent door.
  1718 | D:2      | Noticed Crazy Yiuf
  1931 | D:2      | Noticed Jessica
  1944 | D:2      | Killed Jessica
  3034 | D:3      | Got the Parchment of the Heavy Retinue
  3551 | D:4      | Reached skill level 6 in Staves
  3551 | D:4      | Reached skill level 1 in Armour
  3551 | D:4      | Reached XP level 6. HP: 48/48 MP: 8/8
  3757 | D:4      | Found a runed translucent gate.
  3757 | D:4      | Found a runed translucent gate.
  3758 | D:4      | Found a runed translucent gate.
  3763 | D:4      | Noticed diceflayer's ghost (amateur DsGl)
  3773 | D:4      | Noticed Blork the orc
  3782 | D:4      | Killed Blork the orc
  3959 | D:4      | Noticed Edmund
  3975 | D:4      | Killed Edmund
  4431 | D:2      | Killed Crazy Yiuf
  4709 | D:5      | Entered Level 5 of the Dungeon
  4793 | D:5      | Reached XP level 7. HP: 56/56 MP: 9/9
  4969 | D:5      | Reached skill level 7 in Staves
  5395 | D:5      | Found a staircase to the Ecumenical Temple.
  5486 | D:5      | Reached XP level 8. HP: 66/66 MP: 10/10
  5504 | D:5      | Noticed a troll
  5514 | D:5      | Killed a troll
  5738 | D:5      | Reached skill level 8 in Staves
  6140 | D:5      | Found Qeyth's Book Shop.
  6701 | D:6      | Reached skill level 5 in Dodging
  6912 | D:6      | Noticed Pikel
  6931 | D:6      | Killed Pikel
  6932 | D:6      | Reached XP level 9. HP: 47/73 MP: 11/11
  7074 | D:6      | Found a runed translucent door.
  7403 | D:6      | Noticed unihiutale's ghost (novice OpDe)
  7507 | D:7      | Reached skill level 5 in Fighting
  7507 | D:7      | Reached skill level 9 in Staves
  8376 | D:7      | Reached skill level 5 in Armour
  9441 | D:8      | Noticed a two-headed ogre
  9448 | D:7      | Killed a two-headed ogre
  9723 | D:7      | Reached skill level 10 in Staves
  9755 | D:8      | Reached XP level 10. HP: 76/83 MP: 13/13
  9896 | D:8      | Reached skill level 1 in Evocations
 10052 | D:8      | Noticed Grum
 10074 | D:8      | Killed Grum
 10263 | D:8      | Noticed Erica
 10289 | D:8      | Slain by Erica

Illustrated notes

Levels and vault maps discovered:
D:1:      lightli_arrival_chessboard, layout_basic
D:2:      layout_loops_ring, feat_on_display, uniq_sigmund,
          uniq_crazy_yiuf_cottage, uniq_jessica
D:3:      layout_basic, lemuel_coloured_pillars_altar, mainiacjoe_overflow_paths
D:4:      minmay_general_purpose_star, layout_basic, ashenzari_altar_1,
          mainiacjoe_overflow_catwalk, kennysheep_little_box,
          gammafunk_ghost_necromancy, uniq_blork_the_orc, uniq_edmund
D:5:      cheibrodos_barr_body, layout_loops_ring, mainiacjoe_overflow_alcove_1,
          lemuel_round_altar, gammafunk_temple_overflow_pools,
          minmay_temple_entry_large_hall, serial_shops, shop
D:6:      layout_loops_corners, mainiacjoe_overflow_alcove_2,
          ebering_ghost_reflecting_pool, uniq_pikel
D:7:      layout_basic, mainiacjoe_overflow_six_doors_small, cheibriados_altar_1
D:8:      layout_rooms, nicolae_two_hexagons, uniq_erica, uniq_grum

Skill      XL: |  1  2  3  4  5  6  7  8  9 10 |
---------------+-------------------------------+-----
Staves         | 3 5 6 7 8 10 | 10.0
Fighting       | 2 3 4 5 |  5.9
Armour         | 1 2 3 4 5 |  5.5
Dodging        | 3 4 5 6 |  6.2
Evocations     | 3 |  3.5
Throwing       | |  1.7

Action                     |  1- 3 |  4- 6 |  7- 9 | 10-12 || total
---------------------------+-------+-------+-------+-------++-------
  Melee: Quarterstaff      |    60 |   153 |   273 |    56 ||   542
  Throw: Stone             |     1 |       |     3 |       ||     4
         Javelin           |       |       |     1 |       ||     1
    Use: Scroll            |       |     5 |     3 |     1 ||     9
         Potion            |       |     2 |       |     3 ||     5
   Stab: Invisible         |       |     1 |       |       ||     1
         Confused          |       |       |     1 |       ||     1
         Petrifying        |       |       |     2 |       ||     2
         Paralysed         |       |       |     1 |       ||     1
 Armour: Leather armour    |    14 |       |       |       ||    14
         Chain mail        |    24 |    85 |   174 |    36 ||   319
  Dodge: Dodged            |    20 |    52 |   121 |    26 ||   219
